 Dungeon Crawl Stone Soup version 0.26-a0-651-gb41185065b (webtiles) character file.

Game seed: 4708565638470005008

75 Flugslaktarn the Ruffian (level 4, -3/45 HPs)
             Began as a Troll Fighter on Oct 27, 2020.
             Slain by a gnoll
             ... wielding a +2 spear of freezing
              (10 damage)
             ... on level 2 of the Dungeon.
             The game lasted 00:00:39 (512 turns).

Flugslaktarn the Ruffian (Troll Fighter)             Turns: 512, Time: 00:00:40

Health: -3/45      AC: 10    Str: 24    XL:     4   Next: 11%
Magic:  3/3        EV:  8    Int:  5    God:
Gold:   60         SH:  8    Dex:  9    Spells: 3/3 levels left

rFire    . . .     SeeInvis .     - Unarmed
rCold    . . .     Faith    .   b - +0 kite shield
rNeg     . . .     Spirit   .   a - +0 robe
rPois    .         Reflect  .   (helmet restricted)
rElec    .         Harm     .   (no cloak)
rCorr    .         Rampage  .   (gloves unavailable)
MR       .....                  (boots unavailable)
Stlth    +.........             (no amulet)
HPRegen  0.55/turn              p - +4 ring of protection
MPRegen  0.08/turn              (no ring)

@: no status effects
A: large, unfitting armour, claws 3, regeneration 1, shaggy fur 1, tough skin 3
a: no special abilities


You were on level 2 of the Dungeon.
You visited 1 branch of the dungeon, and saw 2 of its levels.

You collected 60 gold pieces.

Inventory:

Armour
 a - a +0 robe (worn)
 b - a +0 kite shield (worn)
Jewellery
 p - a +4 ring of protection (left claw)
   (You found it on level 1 of the Dungeon)
Scrolls
 f - a scroll of identify {unknown}
 g - a scroll of blinking {unknown}
Potions
 c - a potion of lignification
 d - a potion of might
 e - a potion of mutation {unknown}
 h - a potion of stabbing {unknown}
 i - a potion of heal wounds {unknown}


   Skills:
 + Level 3.0 Fighting
 - Level 2.4 Dodging
 - Level 2.4 Shields
 * Level 3.8 Unarmed Combat


You had 3 spell levels left.
You didn't know any spells.
Your spell library was empty.

Dungeon Overview and Level Annotations

Branches:
Dungeon (2/15)

Altars:


Innate Abilities, Weirdness & Mutations

You are too large for most types of armour.
You have claws for hands.
Your natural rate of healing is unusually fast.
You are covered in fur. (AC +1)
You have extremely tough skin. (AC +3)


Message History

You feel less wooden.
Your +0 robe unmelds from your body.
You block the gnoll's attack.
The gnoll hits you from afar with a +2 spear of freezing.
* * * LOW HITPOINT WARNING * * *
The gnoll freezes you.
* * * LOW HITPOINT WARNING * * *
The gnoll hits you from afar with a +2 spear of freezing.
* * * LOW HITPOINT WARNING * * *
The gnoll freezes you.
* * * LOW HITPOINT WARNING * * *
You block the gnoll's attack. The gnoll barely misses you.
Found a scroll labeled HATAZXUCWA.
Things that are here:
a +0 whip; a +0 halberd; a gnoll corpse You are too injured to fight recklessly!
You scratch the gnoll.
The gnoll is lightly wounded.
The gnoll hits you with a +2 spear of freezing!
You die...

### #.. .########.#
...?...g#.# #@#.# #.#.#
.# .#####.#.##
#######.## ...........#
##....≈#≈..
..#####>##.###..(...≈...
#.##..#...........
#.###...≈.........
..###..≈≈........[
####......†.......


You could see a gnoll.

Vanquished Creatures
  3 gnolls (D:2)
  A worm (D:2)
  3 dart slugs (D:1)
  A leopard gecko (D:2)
  6 hobgoblins (D:1)
  3 jackals (D:1)
  4 bats
  2 frilled lizards (D:1)
  4 goblins (D:1)
  4 kobolds (D:1)
  6 rats (D:1)
37 creatures vanquished.

Notes
Turn   | Place    | Note
-------+----------+-------------------------------------------
     0 | D:1      | Flugslaktarn the Troll Fighter began the quest for the Orb.
     0 | D:1      | Reached XP level 1. HP: 22/22 MP: 0/0
    81 | D:1      | Reached XP level 2. HP: 26/29 MP: 1/1
   210 | D:1      | Reached XP level 3. HP: 36/36 MP: 2/2
   490 | D:2      | Reached XP level 4. HP: 12/45 MP: 3/3
   512 | D:2      | Slain by a gnoll

Illustrated notes

Levels and vault maps discovered:
D:1:      scummos_arrival_star, layout_rooms
D:2:      layout_loops_corners, kennysheep_decorative_pillar

Skill      XL: |  1  2  3 |
---------------+----------+-----
Unarmed Combat | 3 |  3.8
Fighting       | 3 |  3.0
Dodging        | |  2.4
Shields        | |  2.4

Action                   |  1- 3 |  4- 6 || total
-------------------------+-------+-------++-------
Melee: Unarmed           |    94 |     1 ||    95
  Use: Potion            |     1 |       ||     1
Armor: Robe              |    35 |       ||    35
       Skin              |     2 |    10 ||    12
Dodge: Dodged            |    35 |     1 ||    36
Block: Kite shield       |    44 |     9 ||    53

Table legend: (Time is in decaauts)
 A = Elapsed time spent in this place.
 B = Non-inter-level travel time spent in this place.
 C = Inter-level travel time spent in this place.
 D = Time resting spent in this place.
 E = Time spent auto-exploring this place.
 F = Levels seen in this place.
 G = Mean time per level.
                   A        B        C        D        E       F      G
               +--------+--------+--------+--------+--------+-----+--------+
         Total |    515 |    493 |     22 |      0 |    294 |   2 |  257.5 |
       Dungeon |    515 |    493 |     22 |      0 |    294 |   2 |  257.5 |
               +--------+--------+--------+--------+--------+-----+--------+

Top non-repeatable levels by time:
     D:1: 355 daAuts
     D:2: 159 daAuts
